AoeStats
← CharlesV

Arena

507132446Analyzed
4v4 RM · 17d ago on Sep 16, 2026· 57m 29s· 8 players
Game mode
Random Map
Map size
Large (8 player)
Population
200
Speed
Normal
Resources
Standard
Victory
Conquest
Starting age
Dark Age
Ending age
Imperial Age
RankedLock teamsTeams togetherTeam positionsShared explorationLock speedFull tech treeHidden civsTurbo modeCheats
Victory
Defeat
🇨🇱 Hindustanis · Chile
1169
+12
🇺🇸 Burgundians · United States
1135
+13
🇺🇸 Burmese · United States
1062
+16
🇨🇱 Spanish · Chile
1053
+16
🇧🇪 Persians · Belgium
1090
-15
🇦🇷 Malians · Argentina
1074
-15
🇩🇪 Mongols · Germany
1051
-14
🇦🇷 Vietnamese · Argentina
1045
-13
Mahihan
4:28 Loom
10:58 Feudal Age
15:18 Castle Age
13:08 Double-Bit Axe
13:05 Horse Collar
16:15 Bow Saw
17:42 Heavy Plow
19:41 Wheelbarrow
18:53 Town Watch
20:50 Fletching
23:40 Bodkin Arrow
24:55 Ballistics
24:42 Padded Archer Armor
25:26 Hand Cart
26:24 Thumb Ring
27:29 Husbandry
27:40 Bloodlines
28:40 Leather Archer Armor
28:41 Light Cavalry
30:12 Scale Barding Armor
33:40 Imperial Age
31:57 Chain Barding Armor
32:20 Forging
34:52 Iron Casting
34:25 Bracer
35:28 Chemistry
34:58 Conscription
34:21 Hussar
36:39 Blast Furnace
35:57 Elite Mangudai
AF_Atlantis_PAL
4:50 Loom
11:59 Feudal Age
16:24 Castle Age
14:24 Horse Collar
15:31 Double-Bit Axe
25:41 Bow Saw
26:08 Wheelbarrow
25:23 Town Watch
30:10 Forging
30:06 Scale Barding Armor
30:30 Bloodlines
30:29 Husbandry
38:17 Imperial Age
37:55 Iron Casting
37:41 Chain Barding Armor
38:03 Cavalier
40:08 Savar
41:30 Conscription
41:53 Light Cavalry
[ESTG] Daupoch
9:10 Loom
10:56 Feudal Age
11:56 Loom
14:43 Castle Age
13:47 Double-Bit Axe
13:45 Horse Collar
23:37 Town Watch
25:03 Wheelbarrow
27:10 Bow Saw
30:13 Fortified Wall
29:57 Fletching
35:28 Heavy Plow
39:38 Imperial Age
40:09 Hand Cart
CharlesV
11:01 Feudal Age
14:45 Castle Age
15:30 Double-Bit Axe
15:30 Horse Collar
19:11 Fervor
20:13 Heavy Plow
21:10 Gold Mining
21:13 Stone Mining
22:28 Bow Saw
22:09 Loom
22:09 Town Watch
24:33 Gold Shaft Mining
24:56 Caravan
25:54 Wheelbarrow
26:06 Stone Shaft Mining
31:27 Imperial Age
29:13 Hand Cart
28:59 Town Patrol
30:08 Ballistics
29:45 Murder Holes
31:24 Squires
31:10 Arson
31:40 Forging
31:30 Scale Mail Armor
32:56 Iron Casting
33:10 Conscription
32:23 Elite Gbeto
34:01 Chain Mail Armor
34:44 Fletching
36:00 Crop Rotation
35:07 Elite Gbeto
36:24 Hoardings
36:45 Plate Mail Armor
37:54 Pikeman
41:02 Chemistry
CKWeather
6:49 Double-Bit Axe
10:52 Feudal Age
14:33 Castle Age
13:45 Bow Saw
13:27 Horse Collar
14:13 Heavy Plow
18:10 Loom
18:49 Town Watch
21:15 Pikeman
23:20 Scale Mail Armor
24:29 Squires
24:14 Arson
25:05 Forging
27:18 Iron Casting
29:06 Wheelbarrow
34:02 Imperial Age
31:49 Hand Cart
34:52 Halberdier
39:27 Burgundian Vineyards
41:24 Gold Mining
41:56 Conscription
43:57 Chain Mail Armor
44:42 Blast Furnace
43:33 Fletching
46:13 Plate Mail Armor
47:56 Chemistry
47:17 Ballistics
46:54 Bodkin Arrow
47:00 Padded Archer Armor
48:13 Elite Skirmisher
49:00 Bracer
49:47 Guilds
50:07 Coinage
57:36 Caravan
58:18 Banking
57:17 Man-at-Arms
MORTYMAINE
11:04 Feudal Age
15:37 Castle Age
13:39 Horse Collar
14:04 Stone Mining
14:42 Loom
16:50 Wheelbarrow
17:41 Heavy Plow
24:47 Ballistics
25:57 Husbandry
27:11 Bloodlines
29:03 Hand Cart
29:58 Forging
29:53 Scale Barding Armor
29:40 Fletching
29:51 Padded Archer Armor
33:00 Imperial Age
34:34 Elite Arambai
38:59 Caravan
42:22 Bodkin Arrow
42:48 Chain Barding Armor
43:03 Iron Casting
48:45 Pikeman
49:25 Squires
49:11 Arson
48:52 Man-at-Arms
49:17 Gambesons
50:37 Blast Furnace
49:37 Scale Mail Armor
49:51 Halberdier
49:51 Long Swordsman
50:34 Two-Handed Swordsman
54:05 Champion
[TVDT] Nameless
7:29 Loom
12:01 Feudal Age
13:11 Double-Bit Axe
16:46 Castle Age
14:35 Horse Collar
19:19 Wheelbarrow
18:32 Town Watch
19:18 Bow Saw
20:48 Heavy Plow
20:53 Gold Mining
21:12 Scale Barding Armor
22:04 Hand Cart
27:01 Gold Shaft Mining
26:18 Stone Mining
30:13 Imperial Age
29:47 Stone Shaft Mining
30:00 Chain Barding Armor
31:24 Bloodlines
31:14 Husbandry
32:14 Plate Barding Armor
31:49 Forging
31:43 Husbandry
32:08 Heavy Camel Rider
35:07 Iron Casting
39:07 Blast Furnace
47:06 Light Cavalry
50:03 Imperial Camel Rider
FermiGame
12:19 Feudal Age
11:59 Loom
16:50 Castle Age
15:49 Double-Bit Axe
15:46 Horse Collar
16:02 Gold Mining
20:20 Bloodlines
21:03 Bow Saw
21:00 Heavy Plow
28:50 Imperial Age
27:15 Wheelbarrow
29:25 Scale Barding Armor
29:36 Fletching
29:50 Padded Archer Armor
30:54 Hand Cart
31:11 Ballistics
32:04 Chemistry
31:01 Murder Holes
31:33 Leather Archer Armor
31:36 Bloodlines
31:27 Husbandry
32:14 Stone Mining
34:01 Stone Shaft Mining
34:42 Ring Archer Armor
33:40 Elite Conquistador
35:52 Conscription
36:13 Hoardings
44:30 Masonry
47:26 Architecture
51:30 Town Watch
53:12 Fletching
54:45 Elite Skirmisher
56:55 Bodkin Arrow
Connection lost

Rejoining the realm…

Still unreachable

The connection could not be restored.

Session expired

The server has moved on; the page needs a fresh start.